 Dungeon Crawl Stone Soup version 0.29.0-4-gdea44cf6ec (webtiles) character file.

Game seed: 13986091619257807599

604 qw the Chopper (level 7, -4/43 HPs)
             Began as a Gargoyle Fighter on Sept 9, 2022.
             Slain by Edmund
             ... wielding a +6 flail of holy wrath
              (8 damage)
             ... on level 5 of the Dungeon.
             The game lasted 00:01:48 (4038 turns).

qw the Chopper (Gargoyle Fighter)                   Turns: 4038, Time: 00:01:49

Health: -4/43      AC: 17    Str: 28      XL:     7   Next: 42%
Magic:  16/16      EV:  8    Int:  6 (8)  God:
Gold:   233        SH:  4    Dex:  9      Spells: 6/6 levels left

rFire   . . .      SeeInvis .   Y - +1 war axe
rCold   . . .      Faith    .   c - +0 buckler
rNeg    + . .      Spirit   .   m - +0 chain mail
rPois   inf        Reflect  .   (no helmet)
rElec   +          Harm     .   n - +1 cloak
rCorr   .          Rampage  .   (no gloves)
Will    .....                   l - +0 pair of boots
Stlth   ..........              (no amulet)
HPRegen 0.14/turn               k - ring of Peopp {rElec MP+9 Str+6}
MPRegen 0.15/turn               (no ring)

@: no status effects
A: sickness immunity, AC +4, negative energy resistance 1, electricity
resistance, torment resistance 1, petrification resistance
a: no special abilities


You were on level 5 of the Dungeon.
You visited 1 branch of the dungeon, and saw 5 of its levels.

You collected 233 gold pieces.


Innate Abilities, Weirdness & Mutations

You are immune to sickness and miasma.
Your stone body is resilient. (AC +4)
You are immune to poison.
You resist negative energy. (rN+)
You are resistant to electric shocks. (rElec)
You are resistant to unholy torment.
You are immune to petrification.


   Skills:
 - Level 4.0 Fighting
 + Level 6.7 Axes
 - Level 1.0 Throwing
 - Level 3.2 Armour
 - Level 1.1 Dodging
 - Level 3.2 Shields


You had 6 spell levels left.
You didn't know any spells.
Your spell library was empty.

Inventory:

Hand Weapons
 b - a +0 flail
 Y - a +1 war axe (weapon)
Missiles
 g - 11 boomerangs
 q - 2 javelins (quivered)
Armour
 c - a +0 buckler (worn)
 l - a +0 pair of boots (worn)
 m - a +0 chain mail (worn)
 n - a +1 cloak (worn)
Jewellery
 k - the ring of Peopp (left hand) {rElec MP+9 Str+6}
   (You found it on level 3 of the Dungeon)

   [ring of magical power]

   Str:       It affects your strength (+6).
   rElec:     It insulates you from electricity.
   MP:        It affects your magic capacity (+9).
Scrolls
 e - a scroll of fog
 i - a scroll of silence {unknown}
 j - a scroll of magic mapping {unknown}
 r - a scroll of enchant armour {unknown}
Potions
 a - a potion of invisibility {unknown}
 d - a potion of might
 f - a potion of cancellation {unknown}
 h - a potion of attraction {unknown}
 o - a potion of curing
 p - a potion of lignification {unknown}

Dungeon Overview and Level Annotations

Branches:
Dungeon (5/15)
 Temple: D:4-7

Altars:
Ashenzari
Fedhas
Gozag
Hepliaklqana
Nemelex Xobeh
Qazlal
Xom

Shops:
D:1 (

Annotations:
D:5 Edmund


Message History

Edmund is severely wounded.
Edmund hits you but does no damage.
You hit Edmund but do no damage.
Edmund is severely wounded.
Edmund hits you but does no damage.
You hit Edmund but do no damage.
Edmund is severely wounded.
Edmund hits you with a +6 flail of holy wrath!
You block Edmund's attack.
You hit Edmund.
Edmund is severely wounded.
Edmund hits you but does no damage.
You closely miss Edmund.
Edmund is severely wounded.
Edmund hits you with a +6 flail of holy wrath.
You barely miss Edmund.
Edmund is severely wounded.
Edmund hits you with a +6 flail of holy wrath.
You barely miss Edmund.
Edmund is severely wounded.
Edmund barely misses you.
You barely miss Edmund.
Edmund is severely wounded.
Edmund barely misses you.
You closely miss Edmund.
Edmund is severely wounded.
Edmund hits you with a +6 flail of holy wrath. x2
You closely miss Edmund.
Edmund is severely wounded.
Edmund hits you but does no damage.
You barely miss Edmund.
Edmund is severely wounded.
Edmund hits you with a +6 flail of holy wrath!
You hit Edmund.
Edmund is severely wounded.
Edmund hits you with a +6 flail of holy wrath.
You barely miss Edmund.
Edmund is severely wounded.
Edmund hits you with a +6 flail of holy wrath!
You die...

......................##
##..##
........#....#######..##
##..## #...........##
#...# #).)#
#..........##
#....##.))##
#...........##
.........##
......###....##
#........# .......
###...## #..........
...#...#
##...##....##.....
.####..# ##...@...# ##..
# #... ##..@..## #..
##..# ##....# #...##
>..... ...##.... ..##
#.... .(. ##.. ... #.


You could see Edmund.

Vanquished Creatures
  Sigmund (D:2)
  A scorpion (D:5)
  A jelly (D:4)
  A hound (D:5)
  An iguana (D:5)
  Natasha (thrice) (D:2)
  2 orc wizards (D:5)
  4 gnolls
  3 adders
  2 worms
  3 dart slugs
  7 orcs
  4 ball pythons
  9 endoplasms
  4 giant cockroaches
  6 goblins
  8 hobgoblins
  4 jackals (D:2)
  2 quokkas
  6 bats
  5 frilled lizards
  5 kobolds
  6 rats
88 creatures vanquished.

Notes
Turn   | Place    | Note
-------+----------+-------------------------------------------
     0 | D:1      | qw the Gargoyle Fighter began the quest for the Orb.
     0 | D:1      | Reached XP level 1. HP: 14/14 MP: 1/1
     0 | D:1      | 0 ||| qw: Version: 0.1-a-113-g051387a
     0 | D:1      | 0 ||| qw: Game counter: 7168
     0 | D:1      | 0 ||| qw: Always use a shield: true
     0 | D:1      | 0 ||| qw: God list: Okawaru
     0 | D:1      | 0 ||| qw: Allow faded altars: false
     0 | D:1      | 0 ||| qw: Do Orc after D:15 true
     0 | D:1      | 0 ||| qw: Do second Lair branch before Depths: true
     0 | D:1      | 0 ||| qw: Lair rune preference: random
     0 | D:1      | 0 ||| qw: Plans: Normal, Zot, God:TSO, Crypt, Tomb, Zig,
                  | Orb
     0 | D:1      | 0 ||| PLANNING D:1-11
   165 | D:1      | Reached skill level 2 in Axes
   346 | D:1      | Found Wessi's Antique Weapon Shoppe.
   354 | D:1      | Reached XP level 2. HP: 14/19 MP: 2/2
   438 | D:1      | 438 ||| SHOPLISTING glowing mace (150 gold, have 21).
   438 | D:1      | 438 ||| SHOPLISTING mace (75 gold, have 21).
   438 | D:1      | 438 ||| SHOPLISTING runed morningstar (175 gold, have 21).
   499 | D:1      | 499 ||| DROPPING +0 club.
   632 | D:1      | 632 ||| Stepping ~*~*~tactically~*~*~ (stealth).
   639 | D:1      | Reached skill level 3 in Axes
   760 | D:1      | Reached XP level 3. HP: 23/23 MP: 3/3
  1157 | D:1      | 1157 ||| UPGRADING to +0 pair of boots.
  1162 | D:1      | 1162 ||| UPGRADING to +0 chain mail.
  1172 | D:1      | 1172 ||| DROPPING +0 scale mail.
  1173 | D:1      | 1173 ||| UPGRADING to +1 cloak.
  1178 | D:1      | 1178 ||| DROPPING +6 ring of intelligence.
  1179 | D:1      | 1179 ||| READING scroll labelled JAAXUO IWNEQI.
  1180 | D:1      | 1180 ||| READING scroll labelled GOTIBL HADOYCW.
  1181 | D:1      | 1181 ||| READING 2 scrolls labelled NYHAOLOILUEGH.
  1186 | D:1      | 1186 ||| DRINKING 2 fuming black potions.
  1209 | D:2      | Noticed Natasha
  1212 | D:2      | Killed Natasha
  1213 | D:2      | Noticed Sigmund
  1243 | D:2      | HP: 4/23 [something (3)]
  1246 | D:2      | 1246 ||| READING scroll of teleportation.
  1247 | D:2      | 1247 ||| DRINKING potion of heal wounds.
  1321 | D:2      | 1321 ||| Invisible monster not found???
  1322 | D:2      | Found a sparkling altar of Nemelex Xobeh.
  1391 | D:2      | Reached XP level 4. HP: 25/28 MP: 4/4
  1526 | D:2      | Reached skill level 4 in Axes
  1526 | D:2      | Noticed Natasha
  1537 | D:2      | Killed Natasha
  1696 | D:2      | 1696 ||| Stepping ~*~*~tactically~*~*~ (stealth).
  1697 | D:2      | 1697 ||| Stepping ~*~*~tactically~*~*~ (stealth).
  1708 | D:2      | Killed Sigmund
  1709 | D:2      | Reached skill level 5 in Axes
  1709 | D:2      | Reached XP level 5. HP: 19/32 MP: 5/5
  1709 | D:2      | Reached XP level 6. HP: 22/37 MP: 6/6
  1751 | D:2      | Noticed Natasha
  1752 | D:2      | 1752 ||| Stepping ~*~*~tactically~*~*~ (stealth).
  1755 | D:2      | Killed Natasha
  2052 | D:2      | 2052 ||| READING scroll labelled XOONKA LAADO.
  2053 | D:2      | 2053 ||| READING scroll labelled QITEEXTAWU.
  2054 | D:2      | 2054 ||| READING scroll labelled YSSUOR JOUME.
  2134 | D:3      | 2134 ||| Stepping ~*~*~tactically~*~*~ (hiding).
  2324 | D:3      | 2324 ||| Stepping ~*~*~tactically~*~*~ (stealth).
  2438 | D:3      | Identified the ring of Peopp {rElec MP+9 Str+6}
  2583 | D:3      | Found a broken altar of Ashenzari.
  2601 | D:3      | Found a blossoming altar of Fedhas.
  2702 | D:3      | 2702 ||| DROPPING ring of magical power.
  2703 | D:3      | 2703 ||| UPGRADING to ring of Peopp {rElec MP+9 Str+6}.
  2773 | D:3      | 2773 ||| READING scroll labelled HAMEUN PEWORU.
  2791 | D:3      | 2791 ||| DRINKING 2 amethyst potions.
  2798 | D:3      | 2798 ||| DROPPING potion of degeneration.
  2824 | D:4      | Found a hazy altar of Hepliaklqana.
  2825 | D:4      | Found an opulent altar of Gozag.
  2825 | D:4      | Found a stormy altar of Qazlal.
  2826 | D:4      | Found a shimmering altar of Xom.
  2869 | D:4      | Reached skill level 6 in Axes
  2917 | D:4      | 2917 ||| Stepping ~*~*~tactically~*~*~ (hiding).
  3229 | D:4      | 3229 ||| Stepping ~*~*~tactically~*~*~ (stealth).
  3664 | D:4      | 3664 ||| READING scroll labelled DIRYOXK GARA.
  3665 | D:4      | 3665 ||| READING scroll labelled AXISHOZOCOU.
  3666 | D:4      | 3666 ||| DRINKING 2 smoky purple potions.
  3667 | D:4      | 3667 ||| DRINKING 2 glowing black potions.
  3668 | D:4      | 3668 ||| DROPPING potion of brilliance.
  3716 | D:5      | Entered Level 5 of the Dungeon
  3720 | D:5      | 3720 ||| Stepping ~*~*~tactically~*~*~ (hiding).
  3722 | D:5      | 3722 ||| STAIRDANCE
  3739 | D:4      | 3739 ||| DROPPING +0 whip.
  3743 | D:5      | 3743 ||| STAIRDANCE
  3751 | D:4      | Reached skill level 1 in Throwing
  3755 | D:5      | Reached skill level 1 in Dodging
  3755 | D:5      | Reached XP level 7. HP: 41/43 MP: 7/7
  4020 | D:5      | Noticed Edmund
  4036 | D:5      | HP: 9/43 [Edmund/+6 flail of holy wrath (11)]
  4037 | D:5      | HP: 4/43 [Edmund/+6 flail of holy wrath (5)]
  4038 | D:5      | Slain by Edmund

Levels and vault maps discovered:
D:1:      tarquinn_simple_flora_water_a, layout_basic, serial_shops,
          shop_fountains, minmay_statues_item, kennysheep_pointless_box,
          hex_medium
D:2:      layout_rooms, basic_altar, uniq_natasha, uniq_sigmund
D:3:      layout_basic, nicolae_overflow_crystal_walls, general_overflow_altar
D:4:      layout_basic, chequers_temple_overflow_statue_of_worship,
          nrook_mini_vaults
D:5:      layout_layer_cave, uniq_edmund, uniq_crazy_yiuf_cottage

Skill      XL: |  1  2  3  4  5  6 |
---------------+-------------------+-----
Axes           | 2 3 5 6 |  6.7
Fighting       | 4 |  4.0
Throwing       | 1 |  1.0
Dodging        | 1 |  1.1
Armour         | |  3.2
Shields        | |  3.2

Action                   |  1- 3 |  4- 6 |  7- 9 || total
-------------------------+-------+-------+-------++-------
Melee: War axe           |    69 |   127 |    33 ||   229
Throw: Boomerang         |    31 |    56 |       ||    87
       Javelin           |       |     6 |     6 ||    12
  Use: Scroll            |     4 |     6 |       ||    10
       Potion            |     2 |     3 |       ||     5
Armor: Scale mail        |    13 |       |       ||    13
       Chain mail        |    39 |    73 |    17 ||   129
Dodge: Dodged            |    26 |    61 |    13 ||   100
Block: Buckler           |     9 |    11 |     8 ||    28

Table legend:
 A = Non-vault XP
 B = Vault XP
 C = Vault XP percentage of total XP
 D = Non-vault monster count
 E = Vault monster count
 F = Vault count percentage of total count
                 A         B        C        D         E       F
            +---------+---------+-------+---------+---------+-------
      Total |     582 |     282 |  32.6 |      86 |       2 |   2.3
            +---------+---------+-------+---------+---------+-------
        D:1 |      42 |       0 |   0.0 |      25 |       0 |   0.0
        D:2 |     115 |     282 |  71.0 |      14 |       2 |  12.5
        D:3 |      32 |       0 |   0.0 |      18 |       0 |   0.0
        D:4 |     136 |       0 |   0.0 |      20 |       0 |   0.0
        D:5 |     257 |       0 |   0.0 |       9 |       0 |   0.0
            +---------+---------+-------+---------+---------+-------
